 Dungeon Crawl Stone Soup version 0.27.1-1-g398f81649c (webtiles) character file.

Game seed: 2063254999197172309

4 Kisaca the Firebug (level 1, 0/14 HPs)
             Began as a Ghoul Fire Elementalist on Sept 16, 2021.
             Slain by a goblin (2 damage)
             ... on level 1 of the Dungeon.
             The game lasted 00:03:37 (220 turns).

Kisaca the Firebug (Ghoul Fire Elementalist)         Turns: 220, Time: 00:03:45

Health: 0/14       AC:  2    Str: 11    XL:     1   Next: 70%
Magic:  2/2        EV:  9    Int: 10    God:
Gold:   0          SH:  0    Dex:  9    Spells: 2/3 levels left

rFire    . . .     SeeInvis .   (no weapon)
rCold    + . .     Faith    .   (no shield)
rNeg     + + +     Spirit   .   a - +0 robe
rPois    ∞         Reflect  .   (no helmet)
rElec    .         Harm     .   (no cloak)
rCorr    .         Rampage  .   (no gloves)
Will     .....                  (no boots)
Stlth    ++........             (no amulet)
HPRegen  0.00/turn              (no ring)
MPRegen  0.08/turn              (no ring)

@: inhibited regen, constricted
A: claws 1, cold resistance 1, negative energy resistance 3, inhibited
regeneration, torment resistance 2
a: no special abilities


You were on level 1 of the Dungeon.
You visited 1 branch of the dungeon, and saw 1 of its levels.

Inventory:

Armour
 a - a +0 robe (worn)


   Skills:
 + Level 1.7 Dodging
 + Level 2.2 Stealth
 + Level 0.2 Unarmed Combat
 + Level 1.9 Spellcasting
 + Level 0.7 Conjurations
 + Level 2.5 Fire Magic


You had 2 spell levels left.
You knew the following spells:

 Your Spells              Type           Power      Damage    Failure   Level
a - Foxfire               Conj/Fire      16%        2x1d4     16%         1

Your spell library contained the following spells:

 Spells                   Type           Power      Damage    Failure   Level
 Conjure Flame            Conj/Fire      4%         6-21      43%         3
 Inner Flame              Hex/Fire       3%         N/A       50%         3
 Sticky Flame             Conj/Fire      4%         2d3       85%         4
 Fireball                 Conj/Fire      2%         3d4       99%         5


Dungeon Overview and Level Annotations

Branches:
Dungeon (1/15)

Altars:


Innate Abilities, Weirdness & Mutations

You thrive by killing the living.
You are immune to poison.
You have sharp fingernails.
Your flesh is cold resistant. (rC+)
You are immune to negative energy. (rN+++)
You do not regenerate when monsters are visible.
You are immune to unholy pain and torment.


Message History

You scratch the rat.
You kill the rat!
There is an open door here.
You open the door.
A goblin and a kobold come into view.
The kobold is wielding a +2 short sword of protection.
Found a scroll labelled CAESIO FYALILOMN.
The kobold shouts!
The goblin shouts!
There is an open door here.
An endoplasm comes into view.
Found a scroll labelled GETEF IZUINAS.
The kobold closely misses you.
You closely miss the kobold.
The endoplasm quivers.
A ball python comes into view.
The kobold barely misses you.
The ball python hisses angrily.
You scratch the kobold but do no damage.
A ball python comes into view.
The kobold hits you with a +2 short sword of protection.
* * * LOW HITPOINT WARNING * * *
You barely miss the kobold. The goblin barely misses you.
The kobold hits you with a +2 short sword of protection.
* * * LOW HITPOINT WARNING * * *
You scratch the kobold.
The kobold is severely wounded.
The goblin closely misses you. The kobold misses you.
You scratch the kobold but do no damage.
The kobold is severely wounded.
The goblin barely misses you. The kobold closely misses you.
You scratch the kobold.
You kill the kobold!
You feel better. The goblin barely misses you.
You scratch the ball python.
The ball python is moderately wounded.
The ball python bites you.
* * * LOW HITPOINT WARNING * * *
The ball python grabs you. The ball python constricts you.
* * * LOW HITPOINT WARNING * * *
The goblin hits you with a +0 club.
You die...

#.......#.# #.
#####+#.#.#
#######.
#....#.#
..>.....
#....#.#
.....##!
#......# . ....
#. ####.### ...
..? #. #.#
#.... .. ..
...####'#...# .
##♣ ......S@S#
♣
.......gJ......
♣
.........######
.......?.#
##.......#
#.......#
#.......#
#.?.....#


You could see an endoplasm, a goblin and 2 ball pythons.

Vanquished Creatures
  2 bats (D:1)
  A giant cockroach (D:1)
  A kobold (D:1)
  A rat (D:1)
5 creatures vanquished.

Vanquished Creatures (others)
  7 toadstools (D:1)
7 creatures vanquished.

Grand Total: 12 creatures vanquished

Notes
Turn   | Place    | Note
-------+----------+-------------------------------------------
     0 | D:1      | Kisaca the Ghoul Fire Elementalist began the quest for the
                  | Orb.
     0 | D:1      | Reached XP level 1. HP: 14/14 MP: 2/2
   220 | D:1      | Slain by a goblin

Illustrated notes

Levels and vault maps discovered:
D:1:      nagdon_arrival_double_spiral, layout_basic, serial_shops, shop,
          chequers_serial_rivers_micro_a

Action                   || total
-------------------------++-------
Melee: Unarmed           ||    36
Armor: Robe              ||    27
Dodge: Dodged            ||    52
